 Dungeon Crawl Stone Soup version 0.30-a0-1043-g60ff8d5f49 (webtiles) character file.

Game seed: 7495038597607403797

1 Esekla the Sneak (level 1, 16/16 HPs)
             Began as an Octopode Delver on Apr 9, 2023.
             Quit the game on level 5 of the Dungeon.
             The game lasted 00:01:02 (160 turns).

Esekla the Sneak (Octopode Delver)                   Turns: 160, Time: 00:01:03

Health: 16/16      AC:  1    Str: 11    XL:     1   Next: 20%
Magic:  1/1        EV: 13    Int: 12    God:
Gold:   0          SH:  0    Dex: 13    Spells: 0/0 levels left

rFire   . . .      SeeInvis .    a - +0 falchion
rCold   . . .      Faith    .    (no shield)
rNeg    . . .      Spirit   .    (helmet restricted)
rPois   .          Reflect  .    (no amulet)
rElec   .          Rampage  .    (no ring)
rCorr   .                        (no ring)
Will    .....                    (no ring)
Stlth   ++++                     (no ring)
HPRegen 0.22/turn                (no ring)
MPRegen 0.07/turn                (no ring)
                                 (no ring)
                                 (no ring)

@: no status effects
A: almost no armour, amphibious, 8 rings, camouflage 1, gelatinous body 1,
(nimble swimmer 1), tentacles
a: no special abilities


You were on level 5 of the Dungeon.
You visited 1 branch of the dungeon, and saw 1 of its levels.

Inventory:

Hand Weapons
 a - a +0 falchion (weapon)
Wands
 f - a wand of digging (3)
Scrolls
 b - a scroll of fog
 d - a scroll of fear
Potions
 e - a potion of haste


   Skills:
 + Level 3.0 Fighting
 + Level 2.0 Long Blades
 + Level 2.0 Dodging
 + Level 6.6 Stealth


You couldn't memorise any spells.
You didn't know any spells.
Your spell library was empty.

Dungeon Overview and Level Annotations

Branches:
Dungeon (5/15)
 Temple: D:4-7

Altars:


Innate Abilities, Weirdness & Mutations

You cannot wear most types of armour.
You are amphibious.
You can wear up to eight rings at the same time.
Your skin changes colour to match your surroundings (Stealth+).
Your rubbery body absorbs attacks. (AC +1, EV +1)
((You are camouflaged when in or above water. (Stealth+)))
You have tentacles for arms and can constrict up to eight enemies at once.


Message History

Press ? for a list of commands and other information.
Found a stone staircase leading down.
You open the door.
There is an open door here.
There is an open door here.
You open the door.
There is an open door here.
You open the door.
There is an open door here.
A quokka comes into view.
You open the door.
There is an open door here.
A quokka comes into view.
The quokka closely misses you.
You barely miss the quokka. Your grab misses the quokka.
You squeeze the quokka.
You kill the quokka!
You open the door.
There is an open door here.
You open the door.
There is an open door here.
As you open the door, it creaks loudly!
There is an open door here.
You open the door.
An orc priest and 2 orcs come into view.
Found a stone staircase leading down.
Okay, then.
Found an escape hatch in the floor.
You start waiting.
Done waiting.
There is an open door here.
Which direction?
You close the door.
There is an open door here.
There is a shaft here.
You open the door.
You close the door.
As you read the scroll of magic mapping, it crumbles to dust.
You feel aware of your surroundings.
Are you sure you want to abandon this character and quit the game? (Confirm with "yes".)

#....'....#...#,,,,..#***+**,
#....#...##...#*,,...#*,,,**,
##....#..##...#*,....#*,,,**,
*#..###..##...##o....#*,,,**,
#....*#.#####.+....o..,,,,,*,
#....*#.§.§§'.#.o...>.,,,,,*,
##..#*###≈≈§####..##.#***,**,
###* ##§§####..##,****,**,
#≈≈@+...>..,,,,,,,,,
*#####.......,,,,,,,,
*,,,,,,.......,,,,,,,
**,,**,,..####***,,,,
*****,,,.#*,,,**,,,,
*,,,,,..,,,,,,,,,
*,,,,,,.,,,**,,,,
***+****,,,**,,,,
*,,,,,**,,,,,,,,,


There were no monsters in sight!

Vanquished Creatures
  A quokka (D:5)
1 creature vanquished.

Notes
Turn   | Place    | Note
-------+----------+-------------------------------------------
     0 | D:5      | Esekla the Octopode Delver began the quest for the Orb.
     0 | D:5      | Reached XP level 1. HP: 16/16 MP: 1/1
    46 | D:5      | Noticed an orc priest
   160 | D:5      | Quit the game

Illustrated notes

Levels and vault maps discovered:
D:5:      layout_gridville, kennysheep_nondescript

Action                     || total
---------------------------++-------
  Melee: Falchion          ||     1
         Tentacles         ||     1
    Use: Scroll            ||     1
  Dodge: Dodged            ||     1

Table legend: (Time is in decaauts)
 A = Elapsed time spent in this place.
 B = Non-inter-level travel time spent in this place.
 C = Inter-level travel time spent in this place.
 D = Time resting spent in this place.
 E = Time spent auto-exploring this place.
 F = Levels seen in this place.
 G = Mean time per level.
                   A        B        C        D        E       F      G
               +--------+--------+--------+--------+--------+-----+--------+
         Total |    160 |    160 |      0 |    100 |      0 |   1 |  160.0 |
       Dungeon |    160 |    160 |      0 |    100 |      0 |   1 |  160.0 |
               +--------+--------+--------+--------+--------+-----+--------+

Top non-repeatable levels by time:
     D:5: 160 daAuts
